 Dungeon Crawl Stone Soup version 0.28.0-43-g3370ac3207 (webtiles) character file.

Game seed: 17115075596483452779

129 xzight the Covered (level 5, 0/33 HPs)
             Began as a Gargoyle Fighter on Mar 11, 2022.
             Killed by nerve-wracking pain
             ... invoked by an orc priest
              (2 damage)
             ... on level 3 of the Dungeon.
             The game lasted 00:03:05 (2104 turns).

xzight the Covered (Gargoyle Fighter)               Turns: 2104, Time: 00:03:06

Health: 0/33       AC: 11    Str: 20 (22) XL:     5   Next: 12%
Magic:  5/5        EV:  9    Int:  6 (8)  God:
Gold:   114        SH:  4    Dex:  7 (9)  Spells: 4/4 levels left

rFire   . . .      SeeInvis .   a - +0 war axe
rCold   . . .      Faith    .   c - +0 buckler
rNeg    + . .      Spirit   .   b - +0 scale mail
rPois   ∞          Reflect  .   (no helmet)
rElec   +          Harm     .   (no cloak)
rCorr   .          Rampage  .   (no gloves)
Will    .....                   (no boots)
Stlth   ..........              (no amulet)
HPRegen 0.11/turn               (no ring)
MPRegen 0.09/turn               (no ring)

@: invisible
A: sickness immunity, AC +4, negative energy resistance 1, electricity
resistance, torment resistance 1, petrification resistance
a: no special abilities


You were on level 3 of the Dungeon.
You visited 1 branch of the dungeon, and saw 3 of its levels.

You collected 114 gold pieces.


Innate Abilities, Weirdness & Mutations

You are immune to sickness and miasma.
Your stone body is resilient. (AC +4)
You are immune to poison.
You resist negative energy. (rN+)
You are resistant to electric shocks. (rElec)
You are resistant to unholy torment.
You are immune to petrification.


   Skills:
 + Level 4.0 Fighting
 * Level 3.2 Axes
 + Level 4.0 Armour
 + Level 4.0 Shields


You had 4 spell levels left.
You didn't know any spells.
Your spell library was empty.

Inventory:

Hand Weapons
 a - a +0 war axe (weapon)
Armour
 b - a +0 scale mail (worn)
 c - a +0 buckler (worn)
 i - a +0 tower shield
 j - a +1 hat
Scrolls
 f - 5 scrolls of identify {@r1}
 g - 2 scrolls of teleportation {@r2}
 h - 2 scrolls of enchant armour
 k - 2 scrolls of vulnerability
 n - a scroll of noise {unknown}
 o - a scroll of torment {unknown}
 p - a scroll of silence {unknown}
Potions
 d - a potion of might
 e - 3 potions of lignification

Dungeon Overview and Level Annotations

Branches:
Dungeon (3/15)

Altars:
Ashenzari

Annotations:
D:3 3 runed translucent doors, tizbic2's ghost, amateur DgFi

###### #.#
#.####### #######
#..[....# #>....#
#)..o##.# #.....#
#.##.##.# #..#..#
#)##.##.# #.....#
#†##.##.#
##....o####)##.##.#
#....@.o##.))oo...#
#.##.##o.≈≈###.####
#. #..≈≈.##.# ..
#..♣≈P##.#######
###
#.≈♣♣≈.........#
....#.####.####.#
#.#.#. ##.####.#
.##.## #........ ..
.. #..####.#


You could see an orc priest, an orc wizard and an orc.


Message History

You hit the orc.
The orc is moderately wounded.
You miss something. Something hits you but does no damage.
The orc barely misses you.
You hit the orc.
You kill the orc!
You barely miss something.
An orc wizard appears from thin air!
Reactivating autopickup.
The orc wizard hits you but does no damage.
You block the orc wizard's attack.
The orc priest looks satisfied for a moment.
You hit the orc priest.
The orc priest is moderately wounded.
You slash the orc wizard!
The orc wizard hits you but does no damage.
The orc priest hits you with a +0 hand axe.
* * * LOW HITPOINT WARNING * * *
It was a potion of degeneration.
There was something very wrong with that liquid.
You feel weakened.
You feel dopey.
You feel clumsy.
The orc wizard hits you with a +0 dagger.
* * * LOW HITPOINT WARNING * * *
The orc priest barely misses you.
It was a potion of invisibility.
You fade into invisibility!
The orc wizard barely misses you. The orc priest closely misses you.
Found an escape hatch in the floor.
The orc priest invokes the aid of Beogh against you.
Pain shoots through your body!
You die...

Skill      XL: |  1  2  3  4  5 |
---------------+----------------+-----
Axes           | 2 3 |  3.2
Fighting       | 4 |  4.0
Armour         | 4 |  4.0
Shields        | 4 |  4.0

Action                   |  1- 3 |  4- 6 || total
-------------------------+-------+-------++-------
Melee: War axe           |    79 |    35 ||   114
  Use: Scroll            |     4 |       ||     4
       Potion            |       |     2 ||     2
Armor: Scale mail        |    42 |    18 ||    60
Dodge: Dodged            |    29 |    15 ||    44
Block: Buckler           |    15 |     9 ||    24

Levels and vault maps discovered:
D:1:      lightli_arrival_lavapool, layout_basic,
          chequers_ecumenical_altar_lobes, hex_large, serial_bayou_pond_c,
          minmay_tree_intersection
D:2:      layout_basic
D:3:      layout_loops_cross, mainiacjoe_overflow_six_doors_small, serial_bayou,
          serial_bayou_pond_d, serial_bayou_pond_a, serial_bayou_lake_a,
          serial_bayou_pond_a, gammafunk_ghost_nasty_kobolds

Notes
Turn   | Place    | Note
-------+----------+-------------------------------------------
     0 | D:1      | xzight the Gargoyle Fighter began the quest for the Orb.
     0 | D:1      | Reached XP level 1. HP: 14/14 MP: 1/1
   151 | D:1      | Reached skill level 2 in Axes
   170 | D:1      | Reached XP level 2. HP: 12/19 MP: 2/2
   553 | D:1      | Reached XP level 3. HP: 18/23 MP: 3/3
   741 | D:1      | Found a faded altar of an unknown god.
  1710 | D:3      | Found a runed translucent gate.
  1710 | D:3      | Noticed tizbic2's ghost (amateur DgFi)
  1711 | D:3      | Found a runed translucent gate.
  1712 | D:3      | Found a runed translucent gate.
  1713 | D:3      | Noticed a kobold brigand
  1734 | D:3      | Reached XP level 4. HP: 29/29 MP: 4/4
  1821 | D:3      | Found a broken altar of Ashenzari.
  1902 | D:3      | Reached skill level 3 in Axes
  1908 | D:3      | Reached skill level 4 in Fighting
  1908 | D:3      | Reached skill level 4 in Armour
  1908 | D:3      | Reached XP level 5. HP: 18/33 MP: 5/5
  2065 | D:3      | Reached skill level 4 in Shields
  2101 | D:3      | HP: 2/33 [orc priest/+0 hand axe (5)]
  2104 | D:3      | Killed from afar by an orc priest

Vanquished Creatures
  An orc priest (D:3)
  An orc wizard (D:3)
  A gnoll (D:1)
  An adder (D:2)
  2 dart slugs (D:2)
  9 orcs (D:3)
  5 ball pythons
  4 endoplasms
  A goblin (D:2)
  6 hobgoblins
  4 kobolds
  3 bats (D:2)
  2 frilled lizards (D:1)
  7 rats
47 creatures vanquished.

Vanquished Creatures (others)
  10 plants
10 creatures vanquished.

Grand Total: 57 creatures vanquished

Table legend: (Time is in decaauts)
 A = Elapsed time spent in this place.
 B = Non-inter-level travel time spent in this place.
 C = Inter-level travel time spent in this place.
 D = Time resting spent in this place.
 E = Time spent auto-exploring this place.
 F = Levels seen in this place.
 G = Mean time per level.
                   A        B        C        D        E       F      G
               +--------+--------+--------+--------+--------+-----+--------+
         Total |   2174 |   2079 |     95 |    463 |   1204 |   3 |  724.7 |
       Dungeon |   2174 |   2079 |     95 |    463 |   1204 |   3 |  724.7 |
               +--------+--------+--------+--------+--------+-----+--------+

Top non-repeatable levels by time:
     D:1: 901 daAuts
     D:2: 835 daAuts
     D:3: 437 daAuts

Table legend:
 A = Non-vault XP
 B = Vault XP
 C = Vault XP percentage of total XP
 D = Non-vault monster count
 E = Vault monster count
 F = Vault count percentage of total count
                 A         B        C        D         E       F
            +---------+---------+-------+---------+---------+-------
      Total |     185 |       0 |   0.0 |      47 |       0 |   0.0
            +---------+---------+-------+---------+---------+-------
        D:1 |      37 |       0 |   0.0 |      16 |       0 |   0.0
        D:2 |      37 |       0 |   0.0 |      14 |       0 |   0.0
        D:3 |     111 |       0 |   0.0 |      17 |       0 |   0.0
            +---------+---------+-------+---------+---------+-------
